 Dungeon Crawl Stone Soup version 0.26-a0-30-g56b8cd3df0 (webtiles) character file.

Game seed: 14729961855183008378, levelgen mode: deterministic

186 Tungsten the Shield-Bearer (level 5, -3/41 HPs)
             Began as a Formicid Fighter on June 1, 2020.
             Slain by an iguana (10 damage)
             ... on level 4 of the Dungeon.
             The game lasted 00:05:23 (2563 turns).

Tungsten the Shield-Bearer (Formicid Fighter)       Turns: 2563, Time: 00:05:23

Health: -3/41      AC: 11    Str: 22    XL:     5   Next: 97%
Magic:  5/5        EV:  6    Int:  7    God:
Gold:   121        SH: 10    Dex: 10    Spells: 4/4 levels left

rFire    . . .     SeeInvis +   a - +0 flail
rCold    . . .     Gourm    .   c - +0 kite shield
rNeg     . . .     Faith    .   i - +0 chain mail
rPois    .         Spirit   .   (helmet unavailable)
rElec    .         Reflect  .   (no cloak)
rCorr    .         Harm     .   n - +1 pair of gloves
MR       .....                  (no boots)
Stlth    ..........             (no amulet)
HPRegen  0.13/turn              (no ring)
MPRegen  0.09/turn              (no ring)

@: mighty
A: permanent stasis, dig shafts and tunnels, four strong arms, antennae 3
a: Dig, Shaft Self


You were on level 4 of the Dungeon.
You were not hungry.

You visited 1 branch of the dungeon, and saw 4 of its levels.

You collected 121 gold pieces.


Innate Abilities, Weirdness & Mutations

You cannot be hasted, slowed, berserked, paralysed or teleported.
You can dig through walls and to a lower floor.
Your four strong arms can wield two-handed weapons with a shield.
You have a pair of large antennae on your head. (SInv)


   Skills:
 - Level 3.2 Fighting
 + Level 4.2 Maces & Flails
 - Level 3.2 Armour
 + Level 5.8 Shields


You had 4 spell levels left.
You didn't know any spells.
Your spell library was empty.

Inventory:

Hand Weapons
 a - a +0 flail (weapon)
 b - a +0 hunting sling
Missiles
 e - 129 stones
 g - 8 atropa-tipped darts (quivered)
Armour
 c - a +0 kite shield (worn)
 i - a +0 chain mail (worn)
 n - a +1 pair of gloves (worn)
Scrolls
 k - a scroll of magic mapping {unknown}
 l - a scroll of amnesia {unknown}
 p - a scroll of blinking {unknown}
 s - a scroll of identify
 t - a scroll of immolation {unknown}
Potions
 d - a potion of might
 h - 3 potions of stabbing
 j - a potion of lignification {unknown}
 m - a potion of mutation {unknown}
 o - a potion of heal wounds {unknown}
 r - a potion of ambrosia {unknown}
 u - a potion of resistance
Comestibles
 f - 9 rations


Message History

The iguana is almost dead.
The iguana bites you but does no damage.
The iguana closely misses you.
You closely miss the iguana.
The iguana is almost dead.
You block the iguana's attack.
You closely miss the iguana.
The iguana is almost dead.
You block the iguana's attack.
You hit the iguana.
The iguana is almost dead.
The iguana barely misses you. The iguana bites you!
* * * LOW HITPOINT WARNING * * *
You closely miss the iguana.
The iguana is almost dead.
The iguana bites you!
* * * LOW HITPOINT WARNING * * *
You feel very mighty all of a sudden. The iguana bites you!
You die...

▒ ▒▒▒▒▒▒▒ ▒
▒▒·▒·····
·▒ ·······
·· ▒···▒·▒
▒··@l·▒
··········▒
··········▒
·········▒▒
·········▒
······◼▒▒▒
·····[
▒▒▒▒▒·


You could see an iguana.

Vanquished Creatures
  A hound (D:3)
  3 gnolls (D:2)
  A river rat (D:3)
  3 adders
  A worm (D:3)
  2 dart slugs (D:1)
  A leopard gecko (D:1)
  7 orcs (D:3)
  2 giant cockroaches
  8 goblins
  8 hobgoblins
  7 jackals (D:1)
  6 kobolds
  13 bats
  6 frilled lizards
  A jackal skeleton (D:3)
  9 rats
79 creatures vanquished.

Notes
Turn   | Place    | Note
-------+----------+-------------------------------------------
     0 | D:1      | Tungsten the Formicid Fighter began the quest for the Orb.
     0 | D:1      | Reached XP level 1. HP: 18/18 MP: 1/1
   141 | D:1      | Reached XP level 2. HP: 23/24 MP: 2/2
   146 | D:1      | Reached skill level 4 in Shields
   256 | D:1      | Reached XP level 3. HP: 27/29 MP: 3/3
   779 | D:1      | Reached skill level 3 in Maces & Flails
  1018 | D:2      | Reached XP level 4. HP: 28/35 MP: 4/4
  1260 | D:2      | Reached skill level 5 in Shields
  1669 | D:3      | Reached XP level 5. HP: 41/41 MP: 5/5
  2562 | D:4      | HP: 7/41 [iguana (7)]
  2563 | D:4      | Slain by an iguana

Levels and vault maps discovered:
D:1:      nzn_arrival_crosshair, layout_basic, serial_curves, eino_curves_02,
          eino_curves_04
D:2:      layout_rooms, first_ration, serial_bayou_pond_e, grunt_ministairs_1
D:3:      layout_loops_ring, portal_sewer_entry_c
D:4:      layout_basic, grunt_temple_overflow_open, serial_corexii_hall,
          chequers_hall_statues_corner_a, corexii_hall_statues_x,
          nicolae_gozag_cash_rules_everything_around_me

Action                   |  1- 3 |  4- 6 || total
-------------------------+-------+-------++-------
Melee: Flail             |   122 |   170 ||   292
 Fire: Hunting sling     |       |     2 ||     2
Throw: Stone             |     3 |     1 ||     4
       Dart              |       |     1 ||     1
 Abil: Dig               |     1 |       ||     1
  Use: Scroll            |       |     2 ||     2
       Potion            |       |     1 ||     1
  Eat: Chunk             |     1 |     5 ||     6
Armor: Scale mail        |    18 |       ||    18
       Chain mail        |    65 |    79 ||   144
Dodge: Dodged            |    33 |    42 ||    75
Block: Kite shield       |    84 |    92 ||   176
